 Dungeon Crawl Stone Soup version 0.31-a0-532-g28f74ba3e5 (webtiles) character file.

Game seed: 17626994979629153395

2979 HoaS the Basher (level 9, -6/80 HPs)
             Began as an Ogre Gladiator on Aug 12, 2023.
             Was a Follower of Elyvilon.
             Mangled by a hornet (15 damage)
             ... on level 7 of the Dungeon.
             The game lasted 00:22:42 (6812 turns).

HoaS the Basher (Ogre Gladiator)                    Turns: 6812, Time: 00:22:42

Health: -6/80      AC:  5    Str: 20    XL:     9   Next: 82%
Magic:  11/11      EV: 10    Int:  9    God:    Elyvilon [*.....]
Gold:   284        SH:  0    Dex: 14    Spells: 8/8 levels left

rFire   . . .        m - +0 giant club
rCold   . . .        (shield currently unavailable)
rNeg    . . .        b - +0 robe
rPois   .            c - +0 hat
rElec   .            h - +1 cloak
rCorr   .            (gloves unavailable)
SInv    .            (boots unavailable)
Will    .....        (no amulet)
Stlth   +            (no ring)
HPRegen 0.33/turn    (no ring)
MPRegen 0.12/turn

%: no passive effects
@: lethally poisoned (-6 -> -14), slowed, very slow
A: large, unfitting armour, tough skin 1
a: Renounce Religion, Purification


You were on level 7 of the Dungeon.
You worshipped Elyvilon.
Elyvilon was aware of your devotion.
You visited 2 branches of the dungeon, and saw 8 of its levels.

You collected 284 gold pieces.

Inventory:

Hand Weapons
 m - a +0 giant club (weapon)
Missiles
 d - 5 throwing nets (quivered)
 e - 4 large rocks
Armour
 b - a +0 robe (worn)
 c - a +0 hat (worn)
 h - a +1 cloak (worn)
Wands
 a - a wand of roots (3)
 n - a wand of mindburst (8)
Scrolls
 f - 4 scrolls of teleportation
Potions
 g - a potion of haste
 i - a potion of invisibility
 j - 4 potions of curing
 k - a potion of heal wounds


   Skills:
 - Level 2.6 Fighting
 * Level 13.2 Maces & Flails
 - Level 2.0 Throwing
 - Level 2.6 Dodging
 - Level 3.0 Invocations


You had 8 spell levels left.
You didn't know any spells.
Your spell library contained the following spells:

 Spells                   Type           Power      Damage    Failure   Level
 Slow                     Hex            0%         N/A       38%         1
 Scorch                   Fire           0%         2d5       52%         2
 Confusing Touch          Hex            0%         N/A       77%         3
 Summon Guardian Golem    Hex/Summ       0%         N/A       77%         3
 Vampiric Draining        Necr           0%         2d6       77%         3
 Flame Wave               Conj/Fire      0%         2d4       99%         4
 Summon Cactus Giant      Summ           0%         N/A       100%        6
 Orb of Destruction       Conj           0%         9d5       100%        7
 Spellforged Servitor     Conj/Summ      0%         N/A       100%        7


Dungeon Overview and Level Annotations

Branches:
Dungeon (7/15)             Temple (1/1) D:5

Altars:
Ashenzari
Cheibriados
Dithmenos
Elyvilon
Fedhas
Gozag
Makhleb
Nemelex Xobeh
Okawaru
Qazlal
Ru
Sif Muna
Trog
Uskayaw
Vehumet
Wu Jian
Xom
Yredelemnul
Zin
The Shining One

Annotations:
D:6 Jeremiah


Innate Abilities, Weirdness & Mutations

You are too large for most types of armour.
You have tough skin. (AC +1)


Message History

You feel as though you will be slow longer.
You thump the hornet!
The hornet is almost dead.
You feel very sick. The hornet closely misses you. The hornet stings you!
You are more poisoned.
You feel as though you will be slow longer.
You feel much better.
You feel very sick. The hornet barely misses you. The hornet stings you!
You feel as though you will be slow longer.
You barely miss the hornet.
The hornet is almost dead.
You feel very sick. The hornet stings you!
* * * LOW HITPOINT WARNING * * *
You feel as though you will be slow longer.
The hornet barely misses you.
You closely miss the hornet.
The hornet is almost dead.
You feel very sick. The hornet barely misses you. The hornet stings you.
* * * LOW HITPOINT WARNING * * *
You are more poisoned.
You feel as though you will be slow longer.
The hornet closely misses you.
You barely miss the hornet.
The hornet is almost dead.
* * * LOW HITPOINT WARNING * * *
You feel very sick. The hornet closely misses you.
You closely miss the hornet.
The hornet is almost dead.
* * * LOW HITPOINT WARNING * * *
You feel very sick. The hornet stings you! Elyvilon protects you from harm!
You feel as though you will be slow longer.
The hornet stings you!
You die...

#...............#
#####.....#.#.#.#
#.##...#...##
#.........## #..##>###.#
#..##..##.# #..###.##.##
#..###.#...##
*,,*#..@....#*
#.......y.<..#*
##............#
#....>.......#
**#.........(..#
*...##........##****#####
*...,...........,,,,.....
*..,............,,,,.####
**,****,*,,,********,*


You could see a hornet.

Vanquished Creatures
  Pikel (D:4)
  A wyvern (D:7)
  Eustachio (D:4)
  An acid dragon (D:5)
  2 water moccasins (D:5)
  3 ice beasts
  An orc warrior (D:7)
  A centaur (D:7)
  A black bear (D:7)
  An ogre (D:7)
  A lemure (D:4)
  A kobold brigand (D:7)
  A phantom (D:5)
  3 bullfrogs (D:7)
  3 scorpions
  3 wights
  A howler monkey (D:5)
  A jelly (D:7)
  2 hounds (D:5)
  3 iguanas
  2 sleepcaps
  7 orc wizards
  4 gnolls (D:7)
  4 adders (D:2)
  A worm (D:4)
  2 dart slugs
  17 orcs
  11 ball pythons
  5 bats
  6 endoplasms
  2 giant cockroaches
  3 goblins
  8 hobgoblins
  4 jackals (D:1)
  6 quokkas
  2 frilled lizards (D:1)
  10 kobolds
  4 rats
130 creatures vanquished.

Notes
Turn   | Place    | Note
-------+----------+-------------------------------------------
     0 | D:1      | HoaS the Ogre Gladiator began the quest for the Orb.
     0 | D:1      | Reached XP level 1. HP: 22/22 MP: 1/1
     6 | D:1      | Noticed a hound
     6 | D:1      | Noticed a redback
     6 | D:1      | Noticed a black bear
     7 | D:1      | Noticed a swamp worm
     7 | D:1      | Noticed a rime drake
   132 | D:1      | Reached skill level 3 in Maces & Flails
   262 | D:1      | Reached XP level 2. HP: 25/29 MP: 2/2
   564 | D:1      | Reached skill level 9 in Maces & Flails
   564 | D:1      | Reached XP level 3. HP: 36/36 MP: 3/3
   676 | D:1      | Reached XP level 4. HP: 44/44 MP: 4/4
  1335 | D:2      | You fall into a shaft and drop 2 floors!
  1859 | D:2      | Reached XP level 5. HP: 50/50 MP: 5/5
  2909 | D:4      | Noticed a lemure
  2918 | D:4      | Noticed Pikel
  2922 | D:4      | Noticed a lemure
  2923 | D:4      | Noticed a lemure
  2924 | D:4      | Noticed a lemure
  2930 | D:4      | Killed a lemure
  2940 | D:4      | Killed Pikel
  2941 | D:4      | Reached skill level 10 in Maces & Flails
  2941 | D:4      | Reached XP level 6. HP: 48/59 MP: 6/6
  2941 | D:4      | Reached XP level 7. HP: 54/66 MP: 7/7
  3299 | D:4      | Noticed Eustachio
  3357 | D:4      | Killed Eustachio
  3358 | D:4      | Reached skill level 11 in Maces & Flails
  3358 | D:4      | Reached XP level 8. HP: 58/74 MP: 8/8
  3492 | D:4      | Found an ornate altar of the Wu Jian Council.
  3492 | D:4      | Found a glowing silver altar of Zin.
  3494 | D:4      | Found a sacrificial altar of Ru.
  3494 | D:4      | Found a radiant altar of Vehumet.
  3495 | D:4      | Found a sparkling altar of Nemelex Xobeh.
  3607 | D:5      | Entered Level 5 of the Dungeon
  4575 | D:5      | Found a staircase to the Ecumenical Temple.
  4581 | Temple   | Entered the Ecumenical Temple
  4645 | Temple   | Became a worshipper of Elyvilon the Healer
  4720 | D:5      | Reached skill level 1 in Invocations
  4964 | D:5      | Reached skill level 12 in Maces & Flails
  4964 | D:5      | Reached XP level 9. HP: 43/80 MP: 10/10
  5312 | D:6      | Noticed Jeremiah
  5362 | D:6      | Noticed a cyclops
  5628 | D:6      | Identified the +0 leather armour "Zujonacu" {rElec Regen+
                  | SInv}
  6139 | D:7      | Reached * piety under Elyvilon
  6528 | D:7      | Reached skill level 13 in Maces & Flails
  6799 | D:7      | Noticed a hornet
  6812 | D:7      | Elyvilon protects you from harm!
  6812 | D:7      | Mangled by a hornet

Illustrated notes

Levels and vault maps discovered:
D:1:      onia_arrival_zoo_common, layout_loops_ring
D:2:      layout_loops_cross
D:3:      layout_rooms
D:4:      layout_loops_ring, grunt_temple_overflow_open, portal_sewer_entry_b,
          chequers_serial_rivers_small_a, uniq_eustachio, uniq_pikel
D:5:      layout_rooms, minmay_temple_entry_waves
D:6:      layout_basic, mainiacjoe_overflow_tiny_flanked, uniq_jeremiah
D:7:      layout_loops_ring, enter_bailey_1, dreamdust_wishing_well
Temple:   regret_index_temple_waves

Skill      XL: |  1  2  3  4  5  6  7  8  9 |
---------------+----------------------------+-----
Maces & Flails | 3 9 10 11 12 13 | 13.2
Invocations    | 2 3 |  3.0
Fighting       | |  2.6
Throwing       | |  2.0
Dodging        | |  2.6

Action                     |  1- 3 |  4- 6 |  7- 9 || total
---------------------------+-------+-------+-------++-------
  Melee: Flail             |   100 |   129 |       ||   229
         Punch             |       |     2 |     3 ||     5
         Morningstar       |       |    26 |   311 ||   337
         Giant club        |       |       |    17 ||    17
  Throw: Throwing net      |       |     2 |       ||     2
         Large rock        |       |       |     6 ||     6
  Evoke: Wand              |       |       |     1 ||     1
    Use: Scroll            |     3 |     3 |     7 ||    13
         Potion            |     1 |     1 |     2 ||     4
   Stab: Held in net/web   |       |     1 |       ||     1
         Sleeping          |       |       |     1 ||     1
 Armour: Robe              |    48 |    39 |    85 ||   172
  Dodge: Dodged            |    67 |    74 |   129 ||   270

Table legend: (Time is in decaauts)
 A = Elapsed time spent in this place.
 B = Non-inter-level travel time spent in this place.
 C = Inter-level travel time spent in this place.
 D = Time resting spent in this place.
 E = Time spent auto-exploring this place.
 F = Levels seen in this place.
 G = Mean time per level.
                   A        B        C        D        E       F      G
               +--------+--------+--------+--------+--------+-----+--------+
         Total |   6810 |   6530 |    280 |   1907 |   3288 |   8 |  851.2 |
       Dungeon |   6687 |   6505 |    182 |   1907 |   3288 |   7 |  955.3 |
        Temple |    122 |     24 |     98 |      0 |      0 |   1 |  122.0 |
               +--------+--------+--------+--------+--------+-----+--------+

Top non-repeatable levels by time:
     D:5: 1729 daAuts
     D:4: 1167 daAuts
     D:1: 1149 daAuts
     D:7: 1008 daAuts
     D:2: 891 daAuts
     D:3: 416 daAuts
     D:6: 325 daAuts
  Temple: 122 daAuts
